 Dungeon Crawl Stone Soup version 0.23.2-1-ga50397a (webtiles) character file.

Game seed: 14359688108134348738

1535 Kairos the Archer (level 8, -8/67 HPs)
             Began as a Centaur Hunter on Apr 23, 2019.
             Killed by divine providence
             ... invoked by an orc priest
              (11 damage)
             ... on level 6 of the Dungeon.
             The game lasted 00:11:18 (4871 turns).

Kairos the Archer (Centaur Hunter)                  Turns: 4871, Time: 00:11:19

Health: -8/67      AC:  6    Str: 16    XL:     8   Next: 55%
Magic:  8/8        EV: 10    Int: 10    God:
Gold:   270        SH:  0    Dex: 17    Spells: 7/7 levels left

rFire    . . .     SeeInvis +   a - +1 shortbow
rCold    . . .     Gourm    .   (shield currently unavailable)
rNeg     . . .     Faith    .   c - +0 leather armour
rPois    .         Spirit   .   (no helmet)
rElec    .         Reflect  .   F - +1 cloak
rCorr    .         Harm     .   (no gloves)
MR       .....                  (no barding)
Stlth    +.........             (no amulet)
HPRegen  0.21/turn              e - +6 ring of dexterity
MPRegen  0.11/turn              z - ring of see invisible

@: very quick
A: large, hooves 3, deformed body, speed 2, tough skin 3
a: no special abilities


You were on level 6 of the Dungeon.
You were very hungry.

You visited 2 branches of the dungeon, and saw 9 of its levels.
You also visited: Sewer.

You collected 270 gold pieces.

Inventory:

Hand Weapons
 a - a +1 shortbow (weapon)
 b - a +0 short sword
 q - a +0 spear
 t - a +0 trident
 C - a +4 quarterstaff of chaos
Missiles
 d - 89 arrows (quivered)
 r - 2 throwing nets
 D - 10 tomahawks
Armour
 c - a +0 leather armour (worn)
 B - a +0 buckler
 F - a +1 cloak (worn)
Magical Staves
 p - an uncursed staff of cold {unknown}
Jewellery
 e - a +6 ring of dexterity (left hand)
 o - an uncursed ring of wizardry
 z - a ring of see invisible (right hand)
 A - an uncursed ring of protection from magic
 E - an uncursed ring of poison resistance
 G - an uncursed ring of magical power
Scrolls
 g - a scroll of amnesia
 l - a scroll of teleportation
 m - a scroll of remove curse
 s - 2 scrolls of fog
Potions
 h - 2 potions of mutation {unknown}
 i - 2 potions of curing
 j - a potion of berserk rage {unknown}
 k - 5 potions of lignification
 n - 2 potions of agility
 u - 2 potions of heal wounds {unknown}
 x - a potion of flight {unknown}
Comestibles
 f - 15 rations


   Skills:
 + Level 4.9 Fighting
 * Level 3.4 Polearms
 + Level 11.7 Bows
 + Level 1.7 Armour
 + Level 1.7 Dodging
 + Level 0.8 Stealth


You had 7 spell levels left.
You didn't know any spells.
Your spell library contained the following spells:

 Spells                   Type           Power        Failure   Level  Hunger
 Beastly Appendage        Tmut           #.....       43%         1    ##.....
 Sticks to Snakes         Tmut           #.......     56%         2    ###....
 Spider Form              Tmut/Pois      #.........   80%         3    ####...
 Ice Form                 Ice/Tmut       #.......     99%         4    #####..
 Blade Hands              Tmut           #.........   100%        5    ######.


Dungeon Overview and Level Annotations

Branches:
Dungeon (8/15)             Temple (1/1) D:4
   Lair: D:8-11

Altars:
Cheibriados
Fedhas
Gozag
Hepliaklqana
Kikubaaqudgha
Makhleb
Nemelex Xobeh
Qazlal
Trog
Uskayaw
Wu Jian
Yredelemnul
The Shining One


Innate Abilities, Weirdness & Mutations

You have hooves in place of feet.
Armour fits poorly on your strangely shaped body.
You cover ground very quickly.
You have extremely tough skin. (AC +3)


Message History

The orc warrior hits you from afar with a +0 glaive!!
* * * LOW HITPOINT WARNING * * *
You swap places.
You see here a cursed +0 flail.
The orc warrior hits your shadow imp with a +0 glaive!!
Your shadow imp dies!
Firing (i - inventory. (/) - cycle)
d - 91 arrows (quivered)
Press: ? - help, Shift-Dir - straight line, f/p - orc warrior
Aim: an orc warrior, wielding a +0 glaive and wearing a +0 plate armour (almost dead)
You shoot an arrow.
The arrow hits the orc warrior but does no damage.
The orc warrior is almost dead.
Firing (i - inventory. (/) - cycle)
d - 90 arrows (quivered)
Press: ? - help, Shift-Dir - straight line, f/p - orc warrior
Aim: an orc warrior, wielding a +0 glaive and wearing a +0 plate armour (almost dead)
You shoot an arrow. The arrow hits the orc warrior.
You kill the orc warrior!
The orc priest calls down the wrath of Beogh upon you.
Beogh smites you!
You die...

##(# #...###
#..oo(# ##### #o#
#...# #+#
#.###...###.#
#.#....ยง..#.###
#)#....5..>...#
#.#...O.......##
#@#.#..........###
#<#.#5...#...#....
#.....)#.##....###
###.####.##.####
#.# #.##.# #.. #.#
#### #.# #.# #.


You could see an orc priest and an orc.

Vanquished Creatures
  Grinder (D:4)
  Sigmund (D:4)
  An orc warrior (D:6)
  A phantom (D:4)
  A sky beast (D:8)
  2 ogres (D:4)
  A crocodile (Sewer)
  A crimson imp (D:5)
  2 hounds (D:4)
  A bullfrog skeleton (D:4)
  An orc priest (D:3)
  Crazy Yiuf (D:4)
  Natasha (thrice) (D:2)
  4 orc wizards
  3 worker ants
  8 gnolls
  2 adders
  3 river rats (D:4)
  A worm (D:2)
  5 dart slugs
  5 leopard geckos
  13 orcs
  7 giant cockroaches
  10 goblins
  A hobgoblin (D:1)
  12 jackals
  10 kobolds
  2 ball pythons
  10 bats
  A frilled lizard (D:1)
  A quokka skeleton (D:4)
  11 rats
126 creatures vanquished.

Vanquished Creatures (others)
  A bat (D:2)
  2 fungi (D:4)
3 creatures vanquished.

Grand Total: 129 creatures vanquished

Notes
Turn   | Place    | Note
-------+----------+-------------------------------------------
     0 | D:1      | Kairos the Centaur Hunter began the quest for the Orb.
     0 | D:1      | Reached XP level 1. HP: 17/17 MP: 1/1
   143 | D:1      | Reached XP level 2. HP: 24/24 MP: 2/2
   147 | D:1      | Reached skill level 6 in Bows
   430 | D:1      | Reached XP level 3. HP: 24/29 MP: 3/3
   869 | D:2      | Found a stormy altar of Qazlal.
   985 | D:2      | Noticed Natasha
   989 | D:2      | Killed Natasha
   989 | D:2      | Reached skill level 7 in Bows
   989 | D:2      | Reached XP level 4. HP: 37/37 MP: 4/4
   992 | D:2      | Found a basalt altar of Yredelemnul.
  1114 | D:2      | Noticed Natasha
  1125 | D:2      | Killed Natasha
  1125 | D:2      | Noticed Natasha
  1132 | D:2      | Killed Natasha
  1167 | D:2      | Found a snail-covered altar of Cheibriados.
  1283 | D:2      | Reached XP level 5. HP: 45/45 MP: 5/5
  1793 | D:3      | Reached skill level 8 in Bows
  2510 | D:3      | Reached XP level 6. HP: 51/51 MP: 6/6
  2714 | D:4      | Found a staircase to the Ecumenical Temple.
  2725 | D:4      | Reached skill level 9 in Bows
  2754 | Temple   | Entered the Ecumenical Temple
  2875 | D:4      | Reached skill level 1 in Polearms
  3035 | D:4      | Found a glowing drain.
  3040 | Sewer    | Entered a sewer
  3150 | Sewer    | Reached XP level 7. HP: 38/57 MP: 7/7
  3359 | D:4      | Reached skill level 1 in Armour
  3481 | D:4      | Reached skill level 10 in Bows
  3750 | D:4      | Noticed Sigmund
  3791 | D:4      | Killed Sigmund
  3902 | D:4      | Noticed Grinder
  3908 | D:4      | Reached XP level 8. HP: 66/66 MP: 8/8
  3951 | D:4      | Killed Grinder
  3951 | D:4      | Reached skill level 11 in Bows
  4106 | D:4      | Found an ornate altar of the Wu Jian Council.
  4162 | D:4      | Found a runed translucent door.
  4163 | D:4      | Noticed Crazy Yiuf
  4395 | D:4      | Killed Crazy Yiuf
  4495 | D:5      | Entered Level 5 of the Dungeon
  4706 | D:5      | You fall through a shaft for 3 floors!
  4866 | D:6      | HP: 3/67 [orc warrior/+0 glaive (19)]
  4871 | D:6      | Killed from afar by an orc priest

Skill      XL: |  1  2  3  4  5  6  7  8 |
---------------+-------------------------+-----
Bows           | 6 7 8 9 10 11 | 11.7
Fighting       | 3 4 |  4.9
Polearms       | 1 2 3 |  3.4
Armour         | 1 |  1.7
Dodging        | |  1.7
Stealth        | |  0.8

Action                   |  1- 3 |  4- 6 |  7- 9 || total
-------------------------+-------+-------+-------++-------
Melee: Trident           |       |       |    12 ||    12
       Kick              |       |       |     3 ||     3
 Fire: Shortbow          |    83 |   175 |   152 ||   410
  Use: Scroll            |     1 |     4 |     4 ||     9
       Potion            |     1 |       |       ||     1
  Eat: Chunk             |       |     4 |     3 ||     7
Armor: Leather armour    |     4 |    12 |    13 ||    29
Dodge: Dodged            |     8 |    20 |    26 ||    54
